[ AOE2 MATCH · #489706845 ]
UnrankedBerbers vs Saracens
[ REPLAY ANALYSIS · EXTRACTED FROM THE RECORDED GAME ]
Feudal
9:11
Castle
22:06
Imperial
45:36
| APM avg | 32.4 |
| APM peak | 73 |
| eAPM avg | 15.9 |
| Villagers / military | 127 / 142 |
Focus
⚔️ 35.4% · 🌾 64.6%
Knight ×118 · Scout Cavalry ×12 · Camel Scout ×10 · Monk ×1 · Spearman ×1
Feudal
8:32
Castle
20:43
Imperial
—
| APM avg | 21.2 |
| APM peak | 48 |
| eAPM avg | 13.7 |
| Villagers / military | 100 / 52 |
Focus
⚔️ 27.6% · 🌾 72.4%
Scorpion ×17 · Mameluke ×11 · Battering Ram ×7 · Archer ×6 · Spearman ×6 · Skirmisher ×3
Feudal
10:07
Castle
24:53
Imperial
48:37
| APM avg | 26.8 |
| APM peak | 70 |
| eAPM avg | 14.5 |
| Villagers / military | 137 / 131 |
Focus
⚔️ 29.9% · 🌾 70.1%
Knight ×98 · Scout Cavalry ×30 · Spearman ×3
Feudal
9:42
Castle
23:49
Imperial
36:14
| APM avg | 51.7 |
| APM peak | 102 |
| eAPM avg | 20.3 |
| Villagers / military | 146 / 181 |
Focus
⚔️ 32.5% · 🌾 67.5%
Archer ×171 · Trebuchet (Packed) ×5 · Militia ×3 · Monk ×1 · Petard ×1
Feudal
9:16
Castle
29:09
Imperial
—
| APM avg | 24.9 |
| APM peak | 71 |
| eAPM avg | 13.7 |
| Villagers / military | 114 / 134 |
Focus
⚔️ 38.0% · 🌾 62.0%
Archer ×91 · Organ Gun ×43
Feudal
10:12
Castle
24:36
Imperial
—
| APM avg | 52.0 |
| APM peak | 125 |
| eAPM avg | 30.4 |
| Villagers / military | 107 / 164 |
Focus
⚔️ 74.4% · 🌾 25.6%
Knight ×116 · Scout Cavalry ×32 · Spearman ×15 · Monk ×1
Feudal
9:42
Castle
26:04
Imperial
—
| APM avg | 47.1 |
| APM peak | 96 |
| eAPM avg | 15.3 |
| Villagers / military | 49 / 124 |
Focus
⚔️ 31.6% · 🌾 68.4%
Skirmisher ×82 · Archer ×35 · Battering Ram ×6 · Iron Pagoda ×1
Feudal
9:21
Castle
23:47
Imperial
41:25
| APM avg | 54.0 |
| APM peak | 91 |
| eAPM avg | 27.2 |
| Villagers / military | 130 / 142 |
Focus
⚔️ 39.6% · 🌾 60.4%
Camel Scout ×112 · Shrivamsha Rider ×28 · Spearman ×2
Match map
Initial resources + every placement click. Lines = walls · curves = elevation contours. ◆ gold · ⬟ stone · ● berries · ✦ relic · ◌ wall gap
Your base· Open — 7t gap
Chelowolf's base· ✓ Closed at 20:43 · 22t walls · 6 gate(s)
CMD_Ray's base· Open — unwalled flank
[VLLC] Javier Milei's base· ✓ Closed at 23:49 · 49t walls · no gate
CMD JIN's base· Open — 6t gap
Dadagama's base· Open — unwalled flank
CMD_Joyasoft's base· Open — unwalled flank
Ragnarok's base· Open — 4t gap
Smoothed initial terrain · ◌ = detected wall gap · hover for details
Inputs per minute
— CMD_El Primo - - Chelowolf
Build order — CMD_El Primo
First 150 of 416 actions detected
| 0:01 | Create | Villager (Male) |
| 0:02 | Create | Villager (Male) |
| 0:02 | Create | Villager (Male) |
| 0:02 | Create | Villager (Male) |
| 0:02 | Create | Villager (Male) |
| 0:04 | Build | House |
| 0:06 | Build | House |
| 1:29 | Create | Villager (Male) |
| 1:47 | Build | Lumber Camp |
| 1:59 | Create | Villager (Male) |
| 2:18 | Create | Villager (Male) |
| 2:53 | Create | Villager (Male) |
| 3:06 | Create | Villager (Male) |
| 3:27 | Create | Villager (Male) |
| 3:49 | Build | House |
| 3:54 | Create | Villager (Male) |
| 4:32 | Create | Villager (Male) |
| 4:32 | Create | Villager (Male) |
| 4:32 | Create | Villager (Male) |
| 4:55 | Create | Villager (Male) |
| 4:55 | Create | Villager (Male) |
| 4:55 | Create | Villager (Male) |
| 5:10 | Research | Loom |
| 5:34 | Build | Mill |
| 6:58 | Research | Feudal Age |
| 7:55 | Build | Barracks |
| 8:18 | Create | Villager (Male) |
| 8:38 | Build | House |
| 9:11 | Age | Feudal Age |
| 9:17 | Build | Stable |
| 9:27 | Research | Double-Bit Axe |
| 9:29 | Create | Villager (Male) |
| 9:38 | Research | Horse Collar |
| 9:58 | Create | Scout Cavalry |
| 10:01 | Create | Villager (Male) |
| 10:02 | Create | Scout Cavalry |
| 10:17 | Create | Villager (Male) |
| 10:23 | Build | Farm |
| 10:27 | Build | Farm |
| 10:37 | Build | House |
| 10:47 | Create | Villager (Male) |
| 10:56 | Create | Villager (Male) |
| 11:11 | Build | Farm |
| 11:14 | Build | Farm |
| 11:17 | Build | House |
| 11:18 | Create | Scout Cavalry |
| 11:42 | Build | Farm |
| 11:50 | Create | Villager (Male) |
| 11:52 | Build | House |
| 12:09 | Build | Farm |
| 12:11 | Create | Villager (Male) |
| 12:25 | Create | Villager (Male) |
| 12:38 | Create | Villager (Male) |
| 12:47 | Create | Scout Cavalry |
| 13:09 | Create | Scout Cavalry |
| 13:14 | Create | Villager (Male) |
| 13:32 | Create | Villager (Male) |
| 13:35 | Build | Farm |
| 13:36 | Build | Farm |
| 13:36 | Build | Farm |
| 13:36 | Build | Farm |
| 13:37 | Build | Farm |
| 13:43 | Build | Blacksmith |
| 13:44 | Create | Scout Cavalry |
| 13:57 | Build | Farm |
| 13:59 | Build | Farm |
| 14:06 | Build | House |
| 14:20 | Create | Scout Cavalry |
| 14:26 | Create | Villager (Male) |
| 14:43 | Create | Scout Cavalry |
| 14:43 | Create | Villager (Male) |
| 14:50 | Research | Scale Barding Armor |
| 15:03 | Create | Villager (Male) |
| 15:12 | Build | Farm |
| 15:13 | Build | Farm |
| 15:18 | Create | Scout Cavalry |
| 15:25 | Build | House |
| 15:27 | Build | House |
| 15:27 | Build | Palisade Wall |
| 15:34 | Create | Scout Cavalry |
| 15:40 | Create | Villager (Male) |
| 15:50 | Build | Stable |
| 16:02 | Create | Scout Cavalry |
| 16:09 | Create | Villager (Male) |
| 16:09 | Create | Villager (Male) |
| 16:45 | Research | Forging |
| 16:50 | Build | House |
| 16:53 | Build | Palisade Wall |
| 16:58 | Create | Villager (Male) |
| 17:02 | Build | Mining Camp |
| 17:05 | Create | Villager (Male) |
| 17:17 | Create | Scout Cavalry |
| 17:38 | Build | Farm |
| 17:38 | Build | Farm |
| 17:39 | Build | Farm |
| 17:39 | Build | Farm |
| 17:49 | Build | Market |
| 18:04 | Create | Villager (Male) |
| 18:22 | Create | Villager (Male) |
| 18:37 | Build | Lumber Camp |
| 18:51 | Create | Villager (Male) |
| 19:15 | Build | Palisade Gate |
| 19:26 | Research | Castle Age |
| 19:32 | Build | House |
| 19:35 | Build | Palisade Wall |
| 20:01 | Create | Spearman |
| 20:05 | Build | Palisade Wall |
| 20:07 | Build | Palisade Wall |
| 20:22 | Research | Bloodlines |
| 20:55 | Build | House |
| 21:01 | Research | Gold Mining |
| 21:22 | Build | House |
| 21:34 | Build | House |
| 21:36 | Build | Palisade Wall |
| 21:59 | Research | Wheelbarrow |
| 22:06 | Age | Castle Age |
| 22:07 | Create | Knight |
| 22:07 | Create | Knight |
| 22:18 | Build | Stable |
| 22:27 | Create | Villager (Male) |
| 22:48 | Research | Light Cavalry (upgrade) |
| 22:58 | Research | Husbandry |
| 22:58 | Create | Knight |
| 23:01 | Create | Villager (Male) |
| 23:14 | Create | Knight |
| 23:22 | Create | Knight |
| 23:44 | Create | Knight |
| 23:47 | Create | Villager (Male) |
| 23:57 | Build | Town Center |
| 24:06 | Create | Knight |
| 24:09 | Create | Villager (Male) |
| 24:22 | Build | House |
| 24:24 | Build | Palisade Wall |
| 24:26 | Create | Knight |
| 24:27 | Create | Knight |
| 24:46 | Create | Villager (Male) |
| 24:48 | Create | Villager (Male) |
| 24:58 | Create | Knight |
| 25:02 | Create | Villager (Male) |
| 25:02 | Create | Villager (Male) |
| 25:02 | Create | Villager (Male) |
| 25:12 | Research | Bow Saw |
| 25:13 | Create | Knight |
| 25:30 | Create | Villager (Male) |
| 25:30 | Create | Villager (Male) |
| 25:35 | Research | Chain Barding Armor |
| 25:53 | Create | Villager (Male) |
| 26:14 | Create | Knight |
| 26:16 | Create | Knight |
| 26:17 | Create | Villager (Male) |
Build order — Chelowolf
First 150 of 190 actions detected
| 0:03 | Create | Villager (Male) ×4 |
| 0:05 | Build | House |
| 0:08 | Build | House |
| 1:25 | Create | Villager (Male) |
| 1:56 | Create | Villager (Male) |
| 1:56 | Create | Villager (Male) |
| 2:10 | Build | House |
| 2:11 | Build | House |
| 2:20 | Create | Villager (Male) |
| 2:44 | Create | Villager (Male) |
| 3:10 | Create | Villager (Male) |
| 3:30 | Build | Lumber Camp |
| 3:44 | Create | Villager (Male) |
| 4:21 | Create | Villager (Male) |
| 4:36 | Build | Mill |
| 4:50 | Create | Villager (Male) |
| 4:57 | Create | Villager (Male) |
| 4:58 | Research | Loom |
| 6:22 | Research | Feudal Age |
| 7:25 | Build | Palisade Gate |
| 7:31 | Build | Palisade Wall |
| 7:34 | Create | Villager (Male) |
| 7:36 | Create | Villager (Male) |
| 8:11 | Build | Barracks |
| 8:24 | Build | House |
| 8:32 | Age | Feudal Age |
| 9:02 | Create | Villager (Male) |
| 9:20 | Build | Palisade Gate |
| 9:22 | Build | House |
| 9:27 | Build | Palisade Wall |
| 9:40 | Create | Spearman |
| 9:52 | Build | Archery Range |
| 10:07 | Build | Mining Camp |
| 10:21 | Create | Villager (Male) |
| 10:22 | Create | Villager (Male) |
| 10:29 | Create | Spearman |
| 10:41 | Build | Palisade Gate |
| 10:57 | Create | Archer |
| 11:13 | Create | Villager (Male) |
| 11:23 | Build | Market |
| 11:37 | Create | Villager (Male) |
| 12:12 | Create | Villager (Male) |
| 12:20 | Build | Blacksmith |
| 12:38 | Create | Archer |
| 12:39 | Create | Archer |
| 12:55 | Create | Villager (Male) |
| 13:00 | Create | Spearman |
| 13:46 | Create | Spearman |
| 13:47 | Create | Villager (Male) |
| 13:47 | Create | Villager (Male) |
| 13:51 | Build | House |
| 13:52 | Build | House |
| 13:55 | Create | Villager (Male) |
| 14:12 | Build | Watch Tower |
| 14:56 | Create | Villager (Male) |
| 15:06 | Research | Fletching |
| 15:08 | Create | Archer |
| 15:26 | Create | Villager (Male) |
| 15:45 | Create | Spearman |
| 15:45 | Create | Spearman |
| 15:50 | Create | Villager (Male) ×5 |
| 16:07 | Build | Gate |
| 16:08 | Build | Gate |
| 16:11 | Build | House |
| 16:12 | Build | House |
| 16:13 | Create | Villager (Male) |
| 17:07 | Build | Watch Tower |
| 18:03 | Research | Castle Age |
| 18:21 | Build | Stone Wall |
| 18:52 | Create | Archer |
| 18:53 | Create | Archer |
| 19:27 | Create | Skirmisher |
| 19:27 | Create | Skirmisher |
| 19:43 | Build | Gate |
| 19:53 | Build | Mining Camp |
| 20:04 | Create | Skirmisher |
| 20:38 | Build | Farm |
| 20:38 | Build | Farm |
| 20:38 | Build | Farm |
| 20:39 | Build | Farm |
| 20:39 | Build | Farm |
| 20:43 | Age | Castle Age |
| 20:46 | Build | Farm |
| 21:02 | Build | Castle |
| 21:06 | Create | Villager (Male) |
| 21:39 | Create | Villager (Male) |
| 21:39 | Create | Villager (Male) |
| 21:47 | Build | Farm |
| 22:12 | Build | Siege Workshop |
| 22:16 | Create | Villager (Male) |
| 22:30 | Create | Mameluke |
| 22:49 | Build | Mining Camp |
| 23:02 | Create | Scorpion |
| 23:08 | Create | Villager (Male) |
| 23:43 | Create | Mameluke |
| 24:13 | Create | Mameluke |
| 24:16 | Create | Battering Ram |
| 24:19 | Create | Scorpion |
| 24:55 | Create | Scorpion |
| 25:10 | Create | Scorpion |
| 25:12 | Create | Mameluke |
| 25:29 | Create | Villager (Male) |
| 25:37 | Create | Scorpion |
| 26:08 | Create | Scorpion |
| 26:10 | Create | Villager (Male) |
| 26:55 | Create | Mangonel |
| 27:02 | Create | Mameluke |
| 27:06 | Create | Villager (Male) |
| 27:16 | Build | Gate |
| 27:35 | Create | Villager (Male) |
| 27:37 | Create | Mameluke |
| 27:41 | Create | Villager (Male) |
| 27:59 | Build | Town Center |
| 28:01 | Create | Villager (Male) |
| 28:47 | Create | Scorpion |
| 28:49 | Create | Mameluke |
| 29:11 | Create | Villager (Male) ×5 |
| 29:31 | Create | Scorpion |
| 29:31 | Create | Scorpion |
| 29:39 | Create | Villager (Male) |
| 29:39 | Create | Villager (Male) |
| 29:55 | Build | Monastery |
| 30:21 | Create | Scorpion |
| 30:23 | Create | Villager (Male) |
| 30:31 | Create | Mameluke |
| 30:32 | Create | Mameluke |
| 31:09 | Create | Villager (Male) ×2 |
| 31:10 | Create | Villager (Male) ×2 |
| 31:23 | Create | Monk |
| 31:25 | Create | Villager (Male) |
| 31:40 | Create | Scorpion ×3 |
| 31:45 | Build | Siege Workshop |
| 32:07 | Create | Villager (Male) |
| 32:35 | Build | Lumber Camp |
| 33:27 | Create | Villager (Male) |
| 33:37 | Create | Scorpion ×3 |
| 33:47 | Create | Mameluke ×2 |
| 33:52 | Create | Villager (Male) |
| 34:15 | Build | Castle |
| 34:25 | Create | Scorpion |
| 35:12 | Create | Villager (Male) |
| 35:54 | Create | Villager (Male) |
| 36:04 | Build | Farm |
| 36:04 | Build | Farm |
| 36:05 | Build | Farm |
| 36:05 | Build | Farm |
| 36:05 | Build | Farm |
| 36:20 | Build | Castle |
| 36:52 | Create | Villager (Male) |
| 37:16 | Build | Castle |
Build order — CMD_Ray
First 150 of 405 actions detected
| 0:00 | Create | Villager (Male) |
| 0:01 | Create | Villager (Male) |
| 0:02 | Build | House |
| 0:05 | Build | House |
| 0:05 | Create | Villager (Male) |
| 0:06 | Create | Villager (Male) |
| 1:26 | Create | Villager (Male) |
| 1:26 | Create | Villager (Male) |
| 2:00 | Create | Villager (Male) |
| 2:00 | Create | Villager (Male) |
| 2:16 | Build | Lumber Camp |
| 2:33 | Create | Villager (Male) |
| 2:50 | Create | Villager (Male) |
| 2:51 | Create | Villager (Male) |
| 3:05 | Build | House |
| 3:11 | Build | House |
| 3:13 | Build | House |
| 3:43 | Create | Villager (Male) |
| 3:43 | Create | Villager (Male) |
| 4:19 | Create | Villager (Male) |
| 4:51 | Create | Villager (Male) |
| 5:09 | Create | Villager (Male) |
| 5:29 | Create | Villager (Male) |
| 5:47 | Create | Villager (Male) |
| 6:13 | Create | Villager (Male) |
| 6:26 | Build | Mill |
| 7:12 | Create | Villager (Male) |
| 7:26 | Research | Loom |
| 7:34 | Create | Villager (Male) |
| 7:38 | Research | Feudal Age |
| 8:16 | Build | Barracks |
| 8:47 | Build | Mill |
| 9:26 | Build | House |
| 10:05 | Create | Villager (Male) |
| 10:07 | Age | Feudal Age |
| 10:15 | Build | Stable |
| 10:18 | Create | Villager (Male) |
| 10:42 | Build | House |
| 10:45 | Create | Villager (Male) |
| 10:57 | Build | Stable |
| 10:59 | Create | Villager (Male) |
| 11:00 | Create | Scout Cavalry |
| 11:00 | Create | Scout Cavalry |
| 11:21 | Research | Double-Bit Axe |
| 11:27 | Create | Villager (Male) |
| 11:39 | Create | Scout Cavalry |
| 11:39 | Create | Scout Cavalry |
| 11:43 | Create | Scout Cavalry |
| 11:50 | Research | Horse Collar |
| 12:17 | Create | Villager (Male) |
| 12:32 | Create | Villager (Male) |
| 12:35 | Build | Farm |
| 12:36 | Build | Farm |
| 12:40 | Build | House |
| 12:44 | Build | Farm |
| 12:44 | Build | Farm |
| 12:44 | Build | Farm |
| 12:45 | Build | Farm |
| 13:09 | Create | Villager (Male) |
| 13:24 | Create | Villager (Male) |
| 13:26 | Create | Scout Cavalry |
| 13:26 | Create | Scout Cavalry |
| 13:43 | Build | Farm |
| 13:44 | Build | Farm |
| 13:47 | Build | Farm |
| 13:47 | Build | Farm |
| 13:48 | Build | Farm |
| 13:53 | Create | Scout Cavalry |
| 14:01 | Create | Villager (Male) |
| 14:05 | Build | House |
| 14:22 | Build | Mining Camp |
| 14:32 | Create | Villager (Male) |
| 14:32 | Create | Villager (Male) |
| 14:51 | Create | Scout Cavalry |
| 14:52 | Create | Scout Cavalry |
| 14:55 | Build | Farm |
| 14:55 | Build | Farm |
| 15:03 | Build | Farm |
| 15:18 | Create | Scout Cavalry |
| 15:19 | Create | Scout Cavalry |
| 15:24 | Build | Farm |
| 15:28 | Build | Farm |
| 15:36 | Build | House |
| 15:39 | Create | Villager (Male) |
| 15:56 | Create | Villager (Male) |
| 16:22 | Research | Bloodlines |
| 16:26 | Build | Farm |
| 16:32 | Build | Blacksmith |
| 16:37 | Build | Farm |
| 16:37 | Build | Farm |
| 16:42 | Build | Farm |
| 16:53 | Create | Scout Cavalry |
| 16:53 | Create | Scout Cavalry |
| 17:06 | Create | Scout Cavalry |
| 17:20 | Create | Spearman |
| 17:23 | Build | Farm |
| 17:24 | Build | Farm |
| 17:28 | Build | Farm |
| 17:36 | Create | Spearman |
| 17:37 | Create | Villager (Male) |
| 17:43 | Build | House |
| 17:54 | Create | Scout Cavalry |
| 17:54 | Create | Scout Cavalry |
| 18:01 | Create | Spearman |
| 18:17 | Create | Villager (Male) |
| 18:47 | Research | Scale Barding Armor |
| 19:04 | Create | Villager (Male) |
| 19:21 | Create | Scout Cavalry |
| 19:22 | Create | Scout Cavalry |
| 19:29 | Create | Villager (Male) |
| 19:34 | Build | Farm |
| 19:34 | Build | Farm |
| 19:34 | Build | Farm |
| 19:50 | Create | Scout Cavalry |
| 19:50 | Create | Scout Cavalry |
| 20:12 | Create | Villager (Male) |
| 20:12 | Create | Villager (Male) |
| 20:15 | Create | Scout Cavalry |
| 20:15 | Create | Scout Cavalry |
| 20:41 | Create | Villager (Male) |
| 20:51 | Build | Market |
| 21:01 | Build | Farm |
| 21:01 | Build | Farm |
| 21:01 | Build | Farm |
| 21:08 | Build | Farm |
| 21:08 | Build | Farm |
| 21:14 | Build | House |
| 21:34 | Create | Villager (Male) |
| 22:06 | Build | House |
| 22:13 | Research | Castle Age |
| 22:30 | Create | Scout Cavalry |
| 23:31 | Create | Scout Cavalry |
| 23:35 | Create | Scout Cavalry |
| 24:03 | Create | Scout Cavalry |
| 24:03 | Create | Scout Cavalry |
| 24:53 | Age | Castle Age |
| 24:58 | Create | Knight |
| 24:58 | Create | Knight |
| 24:58 | Create | Knight |
| 25:01 | Create | Villager (Male) |
| 25:20 | Research | Husbandry |
| 25:21 | Create | Villager (Male) |
| 25:29 | Build | Town Center |
| 26:05 | Create | Villager (Male) |
| 26:31 | Create | Knight |
| 26:31 | Create | Knight |
| 26:32 | Create | Villager (Male) |
| 26:33 | Create | Villager (Male) |
| 26:53 | Research | Chain Barding Armor |
| 27:04 | Create | Villager (Male) |
Build order — [VLLC] Javier Milei
First 150 of 456 actions detected
| 0:01 | Research | Loom |
| 0:02 | Build | House |
| 0:03 | Build | House |
| 0:09 | Create | Villager (Male) |
| 0:09 | Create | Villager (Male) |
| 0:09 | Create | Villager (Male) |
| 1:28 | Create | Villager (Male) |
| 1:49 | Build | Lumber Camp |
| 2:03 | Create | Villager (Male) |
| 2:03 | Create | Villager (Male) |
| 2:39 | Create | Villager (Male) |
| 3:11 | Create | Villager (Male) |
| 3:28 | Create | Villager (Male) |
| 3:50 | Build | House |
| 4:00 | Create | Villager (Male) |
| 4:17 | Build | Mill |
| 4:20 | Create | Villager (Male) |
| 4:21 | Build | House |
| 4:32 | Create | Villager (Male) |
| 5:26 | Create | Villager (Male) |
| 5:37 | Create | Villager (Male) |
| 5:56 | Create | Villager (Male) |
| 6:29 | Create | Villager (Male) |
| 7:03 | Create | Villager (Male) |
| 7:09 | Build | Barracks |
| 7:13 | Build | Palisade Wall |
| 7:32 | Research | Feudal Age |
| 7:58 | Create | Villager (Male) |
| 8:02 | Create | Militia |
| 8:06 | Build | House |
| 8:26 | Create | Militia |
| 8:48 | Build | Mining Camp |
| 8:53 | Create | Militia |
| 9:16 | Create | Villager (Male) |
| 9:42 | Age | Feudal Age |
| 9:52 | Build | Archery Range |
| 10:02 | Build | Archery Range |
| 10:06 | Research | Man-at-Arms (upgrade) |
| 10:07 | Create | Villager (Male) |
| 10:26 | Build | House |
| 10:35 | Create | Villager (Male) |
| 10:53 | Create | Archer |
| 10:53 | Create | Archer |
| 11:01 | Build | Palisade Wall |
| 11:05 | Create | Villager (Male) |
| 11:05 | Create | Villager (Male) |
| 11:17 | Create | Villager (Male) |
| 11:24 | Build | Blacksmith |
| 11:30 | Create | Archer |
| 11:35 | Create | Villager (Male) |
| 11:42 | Build | House |
| 11:49 | Create | Archer |
| 11:49 | Create | Archer |
| 11:55 | Create | Villager (Male) |
| 12:14 | Create | Archer |
| 12:18 | Build | Farm |
| 12:19 | Build | Farm |
| 12:25 | Research | Fletching |
| 12:38 | Build | House |
| 12:44 | Create | Villager (Male) |
| 12:48 | Build | Farm |
| 12:50 | Build | Farm |
| 13:09 | Build | House |
| 13:10 | Create | Villager (Male) |
| 13:11 | Create | Archer |
| 13:17 | Create | Archer |
| 13:22 | Build | House |
| 13:27 | Build | Farm |
| 13:28 | Build | Farm |
| 13:41 | Build | Farm |
| 13:53 | Build | Farm |
| 14:01 | Build | Palisade Wall |
| 14:02 | Build | Palisade Wall |
| 14:10 | Create | Villager (Male) |
| 14:12 | Create | Villager (Male) |
| 14:18 | Build | Farm |
| 14:23 | Build | Farm |
| 14:43 | Create | Villager (Male) |
| 14:45 | Build | Farm |
| 14:56 | Create | Villager (Male) |
| 15:05 | Build | Palisade Wall |
| 15:19 | Create | Villager (Male) |
| 15:21 | Create | Archer |
| 15:26 | Build | Palisade Wall |
| 15:28 | Create | Archer |
| 15:39 | Create | Archer |
| 15:39 | Create | Archer |
| 15:52 | Build | Farm |
| 15:56 | Build | Farm |
| 16:13 | Create | Archer |
| 16:23 | Create | Villager (Male) |
| 16:27 | Build | Farm |
| 16:37 | Create | Villager (Male) |
| 16:37 | Create | Archer |
| 16:47 | Build | Farm |
| 16:48 | Create | Villager (Male) |
| 17:13 | Build | Lumber Camp |
| 17:33 | Create | Archer |
| 17:34 | Create | Archer |
| 17:38 | Build | Farm |
| 17:41 | Research | Padded Archer Armor |
| 17:42 | Create | Villager (Male) |
| 17:54 | Create | Archer |
| 18:00 | Create | Archer |
| 18:04 | Build | Farm |
| 18:09 | Build | Palisade Wall |
| 18:12 | Create | Villager (Male) |
| 18:13 | Create | Villager (Male) |
| 18:25 | Create | Villager (Male) |
| 18:26 | Create | Archer |
| 18:39 | Create | Archer |
| 18:39 | Create | Archer |
| 18:42 | Create | Archer |
| 18:55 | Build | House |
| 18:58 | Build | Farm |
| 19:01 | Build | Farm |
| 19:01 | Create | Villager (Male) |
| 19:18 | Build | Lumber Camp |
| 19:23 | Build | House |
| 19:32 | Build | Lumber Camp |
| 19:39 | Research | Wheelbarrow |
| 19:43 | Create | Archer |
| 20:07 | Create | Archer |
| 20:07 | Create | Archer |
| 20:08 | Create | Archer |
| 20:22 | Build | House |
| 20:24 | Build | House |
| 21:09 | Research | Castle Age |
| 21:25 | Build | Archery Range |
| 21:38 | Build | House |
| 21:44 | Build | House |
| 21:45 | Build | House |
| 21:59 | Build | House |
| 22:11 | Create | Villager (Male) |
| 22:22 | Create | Archer |
| 22:22 | Create | Archer |
| 22:26 | Create | Archer |
| 22:26 | Create | Archer |
| 22:28 | Create | Archer |
| 22:32 | Build | House |
| 22:51 | Create | Archer |
| 22:51 | Create | Archer |
| 23:11 | Research | Double-Bit Axe |
| 23:11 | Research | Horse Collar |
| 23:12 | Research | Gold Mining |
| 23:21 | Build | Farm |
| 23:22 | Build | Farm |
| 23:49 | Age | Castle Age |
| 23:56 | Research | Bodkin Arrow |
| 23:57 | Research | Crossbowman (upgrade) |
Build order — CMD JIN
First 150 of 338 actions detected
| 0:01 | Create | Villager (Male) |
| 0:01 | Create | Villager (Male) |
| 0:02 | Create | Villager (Male) |
| 0:02 | Create | Villager (Male) |
| 0:05 | Build | House |
| 0:06 | Build | House |
| 1:25 | Create | Villager (Male) |
| 1:26 | Create | Villager (Male) |
| 1:42 | Build | Mill |
| 1:47 | Create | Villager (Male) |
| 1:48 | Create | Villager (Male) |
| 2:19 | Create | Villager (Male) |
| 2:19 | Create | Villager (Male) |
| 2:50 | Create | Villager (Male) |
| 2:50 | Create | Villager (Male) |
| 3:20 | Create | Villager (Male) |
| 3:20 | Create | Villager (Male) |
| 3:46 | Create | Villager (Male) |
| 3:56 | Build | House |
| 4:21 | Create | Villager (Male) |
| 4:21 | Create | Villager (Male) |
| 4:21 | Create | Villager (Male) |
| 5:05 | Create | Villager (Male) |
| 5:06 | Create | Villager (Male) |
| 5:46 | Create | Villager (Male) |
| 5:46 | Create | Villager (Male) |
| 5:58 | Build | Lumber Camp |
| 6:24 | Build | Mill |
| 6:30 | Research | Loom |
| 7:06 | Research | Feudal Age |
| 7:55 | Build | Mining Camp |
| 8:44 | Create | Villager (Male) |
| 8:44 | Create | Villager (Male) |
| 8:45 | Create | Villager (Male) |
| 9:16 | Age | Feudal Age |
| 9:19 | Create | Villager (Male) |
| 9:20 | Create | Villager (Male) |
| 9:47 | Build | House |
| 10:12 | Build | Barracks |
| 10:32 | Build | House |
| 10:48 | Create | Villager (Male) |
| 11:20 | Build | Palisade Wall |
| 11:24 | Create | Villager (Male) |
| 11:45 | Create | Villager (Male) |
| 12:00 | Build | Archery Range |
| 12:13 | Build | Palisade Wall |
| 12:17 | Create | Villager (Male) |
| 12:46 | Build | Archery Range |
| 12:54 | Build | Farm |
| 13:02 | Create | Archer |
| 13:11 | Create | Villager (Male) |
| 13:11 | Create | Villager (Male) |
| 13:34 | Create | Archer |
| 13:34 | Create | Archer |
| 13:35 | Create | Archer |
| 13:35 | Create | Archer |
| 13:43 | Build | House |
| 13:45 | Build | House |
| 13:51 | Create | Villager (Male) |
| 13:51 | Create | Villager (Male) |
| 13:53 | Create | Archer |
| 13:54 | Create | Archer |
| 13:54 | Create | Archer |
| 14:08 | Create | Villager (Male) |
| 14:08 | Create | Villager (Male) |
| 14:32 | Create | Archer |
| 14:32 | Create | Archer |
| 14:33 | Create | Archer |
| 14:52 | Create | Archer |
| 14:53 | Create | Archer |
| 14:53 | Create | Archer |
| 15:10 | Create | Archer |
| 15:10 | Create | Archer |
| 16:06 | Build | Blacksmith |
| 16:21 | Create | Villager (Male) |
| 16:21 | Create | Villager (Male) |
| 16:22 | Create | Villager (Male) |
| 16:22 | Create | Villager (Male) |
| 16:38 | Research | Fletching |
| 17:03 | Create | Archer |
| 17:03 | Create | Archer |
| 17:04 | Create | Archer |
| 17:04 | Create | Archer |
| 17:21 | Build | Farm |
| 17:23 | Create | Archer |
| 17:23 | Create | Archer |
| 17:24 | Create | Archer |
| 17:28 | Research | Padded Archer Armor |
| 17:51 | Create | Archer |
| 17:52 | Create | Archer |
| 17:52 | Create | Archer |
| 17:52 | Create | Archer |
| 17:53 | Create | Archer |
| 18:01 | Create | Archer |
| 18:02 | Create | Archer |
| 18:12 | Create | Archer |
| 18:20 | Create | Archer |
| 18:27 | Build | Farm |
| 18:31 | Build | House |
| 18:32 | Build | House |
| 18:36 | Create | Villager (Male) |
| 18:38 | Create | Archer |
| 18:56 | Create | Archer |
| 18:56 | Create | Archer |
| 19:25 | Create | Archer |
| 19:26 | Create | Archer |
| 19:26 | Create | Archer |
| 19:29 | Build | House |
| 19:31 | Build | Farm |
| 19:39 | Create | Archer |
| 19:52 | Build | Farm |
| 19:55 | Build | Farm |
| 19:59 | Create | Archer |
| 20:27 | Build | Farm |
| 20:42 | Create | Archer |
| 20:43 | Create | Archer |
| 20:43 | Create | Archer |
| 20:44 | Create | Archer |
| 20:48 | Create | Villager (Male) |
| 20:48 | Create | Villager (Male) |
| 21:11 | Build | Lumber Camp |
| 21:20 | Build | Farm |
| 21:23 | Build | Farm |
| 21:25 | Build | Farm |
| 21:27 | Build | Farm |
| 21:28 | Build | Farm |
| 21:39 | Create | Villager (Male) |
| 21:41 | Create | Villager (Male) |
| 21:44 | Build | Farm |
| 21:59 | Build | Farm |
| 22:00 | Build | Farm |
| 22:02 | Build | Farm |
| 22:27 | Research | Double-Bit Axe |
| 22:37 | Build | House |
| 22:38 | Build | House |
| 24:09 | Create | Archer |
| 24:09 | Create | Archer |
| 24:09 | Create | Archer |
| 24:10 | Create | Archer |
| 24:10 | Create | Villager (Male) |
| 24:11 | Create | Villager (Male) |
| 24:11 | Create | Villager (Male) |
| 24:11 | Create | Villager (Male) |
| 24:12 | Create | Villager (Male) |
| 24:16 | Build | Farm |
| 24:17 | Research | Horse Collar |
| 24:54 | Build | Market |
| 25:22 | Build | House |
| 25:51 | Build | House |
| 25:53 | Build | House |
Build order — Dadagama
First 150 of 279 actions detected
| 0:00 | Create | Villager (Male) |
| 0:01 | Create | Villager (Male) |
| 0:02 | Build | House |
| 0:03 | Build | House |
| 0:20 | Create | Villager (Male) |
| 0:21 | Create | Villager (Male) |
| 0:21 | Create | Villager (Male) |
| 1:35 | Create | Villager (Male) |
| 1:35 | Create | Villager (Male) |
| 1:59 | Create | Villager (Male) |
| 1:59 | Create | Villager (Male) |
| 2:10 | Build | Lumber Camp |
| 2:12 | Create | Villager (Male) |
| 2:12 | Create | Villager (Male) |
| 3:02 | Create | Villager (Male) |
| 3:02 | Create | Villager (Male) |
| 3:02 | Create | Villager (Male) |
| 3:09 | Build | House |
| 3:11 | Build | House |
| 3:14 | Create | Villager (Male) |
| 3:15 | Create | Villager (Male) |
| 3:50 | Create | Villager (Male) |
| 3:50 | Create | Villager (Male) |
| 3:50 | Create | Villager (Male) |
| 4:06 | Create | Villager (Male) |
| 4:53 | Create | Villager (Male) |
| 4:53 | Create | Villager (Male) |
| 5:13 | Build | Mill |
| 5:23 | Create | Villager (Male) |
| 5:49 | Create | Villager (Male) |
| 5:49 | Create | Villager (Male) |
| 5:51 | Research | Loom |
| 7:35 | Create | Villager (Male) |
| 8:00 | Research | Feudal Age |
| 8:18 | Build | Barracks |
| 8:20 | Build | House |
| 8:28 | Build | Palisade Wall |
| 8:33 | Create | Villager (Male) |
| 8:33 | Create | Villager (Male) |
| 9:02 | Create | Villager (Male) |
| 9:17 | Build | Palisade Wall |
| 9:48 | Build | Palisade Wall |
| 9:56 | Build | Palisade Wall |
| 10:12 | Age | Feudal Age |
| 10:14 | Build | Stable |
| 10:16 | Research | Double-Bit Axe |
| 10:39 | Build | Blacksmith |
| 10:45 | Build | House |
| 10:55 | Create | Scout Cavalry |
| 10:55 | Create | Scout Cavalry |
| 10:56 | Create | Scout Cavalry |
| 11:08 | Build | Farm |
| 11:14 | Build | Farm |
| 11:19 | Create | Villager (Male) |
| 11:20 | Create | Villager (Male) |
| 11:22 | Create | Scout Cavalry |
| 11:22 | Create | Scout Cavalry |
| 11:29 | Research | Scale Barding Armor |
| 11:33 | Build | House |
| 11:34 | Build | House |
| 11:41 | Build | Farm |
| 11:44 | Create | Villager (Male) |
| 11:45 | Create | Scout Cavalry |
| 12:00 | Build | Palisade Wall |
| 12:04 | Create | Villager (Male) |
| 12:11 | Build | Farm |
| 12:27 | Create | Scout Cavalry |
| 12:31 | Build | Farm |
| 13:09 | Research | Forging |
| 13:11 | Create | Villager (Male) |
| 13:13 | Build | Farm |
| 13:17 | Build | Farm |
| 13:19 | Create | Villager (Male) |
| 13:43 | Create | Scout Cavalry |
| 13:47 | Build | Farm |
| 13:47 | Build | Farm |
| 13:48 | Build | Farm |
| 13:48 | Build | Farm |
| 13:48 | Build | Farm |
| 13:48 | Build | Farm |
| 13:49 | Build | Farm |
| 13:49 | Build | Farm |
| 14:01 | Create | Villager (Male) |
| 14:31 | Create | Scout Cavalry |
| 15:06 | Create | Scout Cavalry |
| 15:08 | Create | Villager (Male) |
| 15:11 | Build | Farm |
| 15:13 | Build | Farm |
| 15:15 | Build | Farm |
| 15:56 | Create | Scout Cavalry |
| 15:57 | Create | Villager (Male) |
| 15:57 | Create | Villager (Male) |
| 16:21 | Create | Villager (Male) |
| 16:48 | Research | Bloodlines |
| 16:53 | Build | Mining Camp |
| 16:56 | Build | Farm |
| 16:57 | Build | Farm |
| 16:57 | Build | Farm |
| 16:57 | Build | Farm |
| 16:57 | Build | Farm |
| 16:57 | Build | Farm |
| 17:23 | Create | Scout Cavalry |
| 17:23 | Create | Scout Cavalry |
| 17:43 | Create | Scout Cavalry |
| 17:44 | Create | Scout Cavalry |
| 17:45 | Create | Villager (Male) |
| 18:37 | Create | Villager (Male) |
| 18:37 | Create | Villager (Male) |
| 18:40 | Build | House |
| 18:42 | Build | House |
| 18:50 | Build | Farm |
| 18:50 | Build | Farm |
| 18:50 | Build | Farm |
| 18:51 | Build | Farm |
| 18:51 | Build | Farm |
| 18:52 | Research | Horse Collar |
| 18:55 | Create | Scout Cavalry |
| 20:29 | Create | Scout Cavalry |
| 20:29 | Create | Scout Cavalry |
| 20:29 | Create | Scout Cavalry |
| 20:30 | Create | Villager (Male) |
| 20:30 | Create | Villager (Male) |
| 20:36 | Build | Market |
| 20:40 | Build | Farm |
| 20:40 | Build | Farm |
| 20:40 | Build | Farm |
| 20:41 | Build | Farm |
| 20:41 | Build | Farm |
| 20:41 | Build | Farm |
| 20:41 | Build | Farm |
| 21:31 | Create | Villager (Male) |
| 21:32 | Create | Villager (Male) |
| 21:37 | Research | Castle Age |
| 21:43 | Research | Gold Mining |
| 23:30 | Create | Scout Cavalry |
| 23:30 | Create | Scout Cavalry |
| 23:30 | Create | Scout Cavalry |
| 23:53 | Build | Stable |
| 24:01 | Create | Villager (Male) |
| 24:01 | Create | Villager (Male) |
| 24:01 | Create | Villager (Male) |
| 24:17 | Build | House |
| 24:23 | Build | House |
| 24:31 | Create | Villager (Male) |
| 24:32 | Create | Villager (Male) |
| 24:32 | Create | Villager (Male) |
| 24:36 | Age | Castle Age |
| 24:46 | Create | Knight ×5 |
| 24:46 | Create | Knight ×2 |
| 25:04 | Research | Chain Barding Armor |
Build order — CMD_Joyasoft
First 150 of 194 actions detected
| 0:04 | Research | Loom |
| 0:07 | Build | House |
| 0:53 | Create | Villager (Male) |
| 1:22 | Create | Villager (Male) |
| 1:28 | Build | Lumber Camp |
| 1:50 | Create | Villager (Male) |
| 2:14 | Create | Villager (Male) |
| 2:14 | Create | Villager (Male) |
| 2:39 | Create | Villager (Male) |
| 2:47 | Build | House |
| 2:58 | Build | House |
| 3:08 | Create | Villager (Male) |
| 3:33 | Create | Villager (Male) |
| 4:19 | Create | Villager (Male) |
| 4:20 | Create | Villager (Male) |
| 4:34 | Create | Villager (Male) |
| 5:00 | Create | Villager (Male) |
| 5:13 | Build | Mill |
| 5:29 | Create | Villager (Male) |
| 5:43 | Create | Villager (Male) |
| 5:46 | Create | Villager (Male) |
| 6:32 | Create | Villager (Male) |
| 7:32 | Research | Feudal Age |
| 8:06 | Build | Mining Camp |
| 8:25 | Build | Barracks |
| 9:26 | Build | House |
| 9:28 | Build | Palisade Wall |
| 9:42 | Age | Feudal Age |
| 9:50 | Build | Archery Range |
| 9:57 | Create | Villager (Male) |
| 9:57 | Create | Villager (Male) |
| 10:04 | Research | Double-Bit Axe |
| 10:08 | Build | Archery Range |
| 10:27 | Build | Palisade Wall |
| 10:37 | Build | House |
| 10:45 | Build | House |
| 10:47 | Build | House |
| 10:50 | Create | Archer |
| 10:52 | Build | House |
| 11:14 | Create | Archer |
| 11:37 | Create | Archer ×3 |
| 11:46 | Create | Villager (Male) |
| 11:58 | Build | House |
| 12:01 | Build | House |
| 12:02 | Build | House |
| 12:04 | Build | Palisade Wall |
| 12:06 | Build | House |
| 12:09 | Build | Palisade Wall |
| 12:10 | Build | Palisade Wall |
| 12:21 | Build | Palisade Wall |
| 12:24 | Build | Palisade Wall |
| 12:41 | Create | Archer ×3 |
| 12:49 | Build | House |
| 13:07 | Build | House |
| 13:11 | Build | House |
| 13:31 | Build | Blacksmith |
| 13:41 | Create | Villager (Male) |
| 13:46 | Build | Farm |
| 13:53 | Create | Archer |
| 14:21 | Build | Farm |
| 14:28 | Research | Fletching |
| 14:52 | Create | Archer |
| 15:18 | Build | Watch Tower |
| 15:51 | Build | Farm |
| 15:53 | Build | Farm |
| 15:54 | Build | Farm |
| 16:19 | Create | Skirmisher |
| 16:20 | Create | Skirmisher |
| 16:26 | Build | Farm |
| 16:27 | Build | Farm |
| 16:39 | Create | Skirmisher |
| 16:39 | Create | Skirmisher |
| 16:45 | Research | Padded Archer Armor |
| 17:33 | Create | Villager (Male) |
| 17:33 | Create | Villager (Male) |
| 18:14 | Create | Villager (Male) |
| 18:14 | Create | Villager (Male) |
| 18:15 | Create | Villager (Male) |
| 18:57 | Create | Villager (Male) |
| 19:16 | Create | Archer |
| 19:16 | Create | Archer |
| 19:22 | Create | Skirmisher |
| 19:22 | Create | Skirmisher |
| 19:27 | Build | Mining Camp |
| 20:06 | Create | Villager (Male) |
| 20:53 | Create | Skirmisher |
| 20:54 | Create | Skirmisher |
| 21:10 | Create | Skirmisher |
| 21:23 | Create | Villager (Male) |
| 21:38 | Create | Villager (Male) |
| 21:44 | Build | Market |
| 21:57 | Build | Market |
| 22:17 | Build | Farm |
| 22:17 | Create | Villager (Male) |
| 22:50 | Build | Farm |
| 22:52 | Build | Farm |
| 22:54 | Build | Farm |
| 23:24 | Research | Castle Age |
| 23:24 | Research | Castle Age |
| 24:07 | Create | Archer ×2 |
| 24:19 | Create | Archer |
| 24:20 | Create | Archer |
| 24:36 | Create | Archer |
| 25:05 | Create | Archer |
| 25:10 | Create | Villager (Male) |
| 25:17 | Build | Lumber Camp |
| 25:37 | Build | House |
| 25:38 | Build | House |
| 26:04 | Age | Castle Age |
| 26:08 | Research | Elite Skirmisher (upgrade) |
| 26:17 | Create | Skirmisher ×5 |
| 26:20 | Build | Farm |
| 27:14 | Create | Archer ×2 |
| 27:32 | Create | Skirmisher ×4 |
| 27:49 | Create | Skirmisher |
| 28:02 | Build | Farm |
| 28:33 | Create | Skirmisher ×4 |
| 29:02 | Create | Skirmisher ×3 |
| 29:20 | Research | Bodkin Arrow |
| 29:26 | Build | Farm |
| 29:38 | Create | Skirmisher ×4 |
| 30:09 | Create | Villager (Male) |
| 30:10 | Create | Villager (Male) |
| 30:13 | Build | Mining Camp |
| 30:29 | Create | Villager (Male) |
| 31:37 | Create | Skirmisher ×5 |
| 31:37 | Create | Skirmisher |
| 32:10 | Create | Archer ×5 |
| 33:06 | Research | Crossbowman (upgrade) |
| 33:12 | Build | Archery Range |
| 33:19 | Create | Villager (Male) |
| 34:16 | Create | Archer ×3 |
| 34:16 | Create | Archer ×3 |
| 34:21 | Create | Villager (Male) ×2 |
| 34:45 | Create | Villager (Male) |
| 35:13 | Create | Villager (Male) |
| 35:36 | Build | Siege Workshop |
| 35:45 | Create | Villager (Male) |
| 35:49 | Create | Archer ×4 |
| 36:08 | Create | Villager (Male) |
| 36:46 | Create | Iron Pagoda |
| 36:59 | Build | University |
| 37:09 | Create | Skirmisher ×5 |
| 37:20 | Create | Battering Ram |
| 37:31 | Create | Skirmisher ×4 |
| 37:42 | Create | Skirmisher |
| 37:56 | Create | Battering Ram |
| 38:10 | Build | Mining Camp |
| 38:14 | Build | Farm |
| 38:15 | Create | Villager (Male) |
Build order — Ragnarok
First 150 of 438 actions detected
| 0:01 | Create | Villager (Male) |
| 0:02 | Create | Villager (Male) |
| 0:10 | Create | Villager (Male) |
| 0:10 | Create | Villager (Male) |
| 0:16 | Build | House |
| 0:19 | Research | Loom |
| 0:23 | Create | Villager (Male) |
| 0:24 | Create | Villager (Male) |
| 0:27 | Create | Villager (Male) |
| 0:36 | Build | House |
| 0:51 | Build | Mill |
| 1:52 | Create | Villager (Male) |
| 2:08 | Create | Villager (Male) |
| 2:33 | Create | Villager (Male) |
| 2:52 | Create | Villager (Male) |
| 3:18 | Create | Villager (Male) |
| 3:35 | Build | Lumber Camp |
| 3:44 | Create | Villager (Male) |
| 4:13 | Create | Villager (Male) |
| 4:30 | Build | House |
| 4:46 | Create | Villager (Male) |
| 4:58 | Create | Villager (Male) |
| 5:15 | Create | Villager (Male) |
| 6:15 | Create | Villager (Male) |
| 6:48 | Build | Mining Camp |
| 7:11 | Research | Feudal Age |
| 8:00 | Build | Barracks |
| 8:42 | Build | House |
| 9:21 | Age | Feudal Age |
| 9:24 | Build | Stable |
| 9:25 | Create | Villager (Male) |
| 9:45 | Create | Villager (Male) |
| 9:49 | Create | Spearman |
| 9:50 | Create | Spearman |
| 9:57 | Build | Farm |
| 10:07 | Build | House |
| 10:18 | Create | Camel Scout |
| 10:18 | Create | Camel Scout |
| 10:21 | Build | Farm |
| 10:25 | Create | Villager (Male) |
| 10:41 | Build | House |
| 10:46 | Create | Villager (Male) |
| 10:55 | Build | Farm |
| 11:02 | Create | Villager (Male) |
| 11:08 | Create | Camel Scout |
| 11:21 | Build | Palisade Wall |
| 11:24 | Build | Farm |
| 11:25 | Create | Villager (Male) |
| 11:34 | Create | Camel Scout |
| 11:50 | Create | Villager (Male) |
| 11:53 | Build | Farm |
| 12:04 | Create | Camel Scout |
| 12:24 | Build | Farm |
| 12:29 | Create | Villager (Male) |
| 12:50 | Build | House |
| 12:50 | Create | Villager (Male) |
| 12:57 | Create | Camel Scout |
| 13:09 | Create | Villager (Male) |
| 13:12 | Build | Farm |
| 13:23 | Build | House |
| 13:24 | Build | Farm |
| 13:37 | Create | Villager (Male) |
| 13:51 | Build | House |
| 13:53 | Build | House |
| 14:09 | Create | Villager (Male) |
| 14:14 | Create | Camel Scout |
| 14:17 | Build | Farm |
| 14:40 | Build | House |
| 14:45 | Build | Blacksmith |
| 14:45 | Create | Villager (Male) |
| 15:26 | Create | Camel Scout |
| 15:28 | Build | House |
| 15:29 | Create | Villager (Male) |
| 15:32 | Build | House |
| 15:33 | Research | Scale Barding Armor |
| 15:34 | Research | Forging |
| 15:45 | Create | Camel Scout |
| 16:03 | Build | House |
| 16:04 | Create | Villager (Male) |
| 16:06 | Build | House |
| 16:21 | Create | Villager (Male) |
| 16:36 | Build | House |
| 16:38 | Build | House |
| 16:39 | Create | Villager (Male) |
| 16:43 | Build | Market |
| 16:48 | Create | Camel Scout |
| 17:10 | Build | Mining Camp |
| 17:15 | Build | Palisade Wall |
| 17:21 | Create | Villager (Male) |
| 17:32 | Create | Villager (Male) |
| 17:53 | Build | Farm |
| 17:56 | Build | Palisade Wall |
| 17:59 | Build | Palisade Wall |
| 18:00 | Create | Villager (Male) |
| 18:04 | Build | House |
| 18:16 | Build | Farm |
| 18:17 | Create | Camel Scout |
| 18:48 | Build | Palisade Wall |
| 18:50 | Build | Farm |
| 18:51 | Create | Villager (Male) |
| 19:11 | Build | Palisade Wall |
| 19:24 | Build | Palisade Wall |
| 19:29 | Build | Lumber Camp |
| 19:33 | Build | Farm |
| 19:45 | Create | Villager (Male) |
| 20:26 | Build | Palisade Wall |
| 20:28 | Build | Palisade Wall |
| 20:38 | Build | Palisade Wall |
| 21:07 | Research | Castle Age |
| 21:14 | Build | Stable |
| 21:40 | Research | Horse Collar |
| 22:05 | Research | Bloodlines |
| 22:19 | Build | Lumber Camp |
| 22:23 | Research | Double-Bit Axe |
| 22:55 | Build | Stable |
| 23:47 | Age | Castle Age |
| 23:52 | Build | House |
| 23:58 | Create | Villager (Male) |
| 24:00 | Create | Camel Scout |
| 24:02 | Create | Shrivamsha Rider |
| 24:02 | Create | Shrivamsha Rider |
| 24:03 | Create | Shrivamsha Rider |
| 24:07 | Create | Shrivamsha Rider |
| 24:07 | Create | Shrivamsha Rider |
| 24:16 | Build | Town Center |
| 24:26 | Build | Town Center |
| 24:27 | Create | Villager (Male) |
| 24:32 | Create | Shrivamsha Rider |
| 24:36 | Build | House |
| 24:45 | Create | Shrivamsha Rider |
| 25:02 | Create | Shrivamsha Rider |
| 25:09 | Build | House |
| 25:14 | Build | Farm |
| 25:24 | Create | Shrivamsha Rider |
| 25:37 | Create | Shrivamsha Rider |
| 25:38 | Build | House |
| 25:46 | Create | Villager (Male) |
| 26:19 | Create | Shrivamsha Rider |
| 26:26 | Build | Farm |
| 26:27 | Create | Villager (Male) |
| 26:27 | Create | Villager (Male) |
| 26:30 | Build | House |
| 26:33 | Create | Villager (Male) |
| 26:53 | Create | Shrivamsha Rider |
| 27:01 | Create | Shrivamsha Rider |
| 27:10 | Build | Farm |
| 27:11 | Build | Farm |
| 27:16 | Create | Shrivamsha Rider |
| 27:34 | Create | Shrivamsha Rider |
| 27:37 | Build | Farm |
Match timeline
| 7:09 | [VLLC] Javier Milei · first_building Barracks |
| 7:13 | [VLLC] Javier Milei · wall_segment Palisade Wall x1 |
| 7:31 | Chelowolf · wall_segment Palisade Wall x7 |
| 7:55 | CMD_El Primo · first_building Barracks |
| 8:00 | Ragnarok · first_building Barracks |
| 8:11 | Chelowolf · first_building Barracks |
| 8:16 | CMD_Ray · first_building Barracks |
| 8:18 | Dadagama · first_building Barracks |
| 8:25 | CMD_Joyasoft · first_building Barracks |
| 8:28 | Dadagama · wall_segment Palisade Wall x12 |
| 8:32 | Chelowolf · age_up feudal |
| 9:11 | CMD_El Primo · age_up feudal |
| 9:16 | CMD JIN · age_up feudal |
| 9:17 | Dadagama · wall_segment Palisade Wall x1 |
| 9:17 | CMD_El Primo · first_building Stable |
| 9:21 | Ragnarok · age_up feudal |
| 9:24 | Ragnarok · first_building Stable |
| 9:27 | Chelowolf · wall_segment Palisade Wall x1 |
| 9:28 | CMD_Joyasoft · wall_segment Palisade Wall x1 |
| 9:42 | [VLLC] Javier Milei · age_up feudal |
| 9:42 | CMD_Joyasoft · age_up feudal |
| 9:48 | Dadagama · wall_segment Palisade Wall x1 |
| 9:50 | CMD_Joyasoft · first_building Archery Range |
| 9:52 | Chelowolf · first_building Archery Range |
| 9:52 | [VLLC] Javier Milei · first_building Archery Range |
| 9:56 | Dadagama · wall_segment Palisade Wall x1 |
| 10:07 | CMD_Ray · age_up feudal |
| 10:12 | Dadagama · age_up feudal |
| 10:12 | CMD JIN · first_building Barracks |
| 10:14 | Dadagama · first_building Stable |
| 10:15 | CMD_Ray · first_building Stable |
| 10:27 | CMD_Joyasoft · wall_segment Palisade Wall x1 |
| 11:01 | [VLLC] Javier Milei · wall_segment Palisade Wall x7 |
| 11:20 | CMD JIN · wall_segment Palisade Wall x6 |
| 11:21 | Ragnarok · wall_segment Palisade Wall x8 |
| 12:00 | CMD JIN · first_building Archery Range |
| 12:00 | Dadagama · wall_segment Palisade Wall x13 |
| 12:04 | CMD_Joyasoft · wall_segment Palisade Wall x1 |
| 12:09 | CMD_Joyasoft · wall_segment Palisade Wall x1 |
| 12:10 | CMD_Joyasoft · wall_segment Palisade Wall x1 |
| 12:13 | CMD JIN · wall_segment Palisade Wall x1 |
| 12:21 | CMD_Joyasoft · wall_segment Palisade Wall x1 |
| 12:24 | CMD_Joyasoft · wall_segment Palisade Wall x1 |
| 12:37 | Chelowolf · first_market_sell 100 stone |
| 14:01 | [VLLC] Javier Milei · wall_segment Palisade Wall x17 |
| 14:02 | [VLLC] Javier Milei · wall_segment Palisade Wall x1 |
| 15:05 | [VLLC] Javier Milei · wall_segment Palisade Wall x15 |
| 15:26 | [VLLC] Javier Milei · wall_segment Palisade Wall x7 |
| 15:27 | CMD_El Primo · wall_segment Palisade Wall x1 |
| 15:49 | Chelowolf · first_market_buy 500 food |
| 16:53 | CMD_El Primo · wall_segment Palisade Wall x9 |
| 17:15 | Ragnarok · wall_segment Palisade Wall x5 |
| 17:56 | Ragnarok · wall_segment Palisade Wall x1 |
| 17:59 | Ragnarok · wall_segment Palisade Wall x11 |
| 18:09 | [VLLC] Javier Milei · wall_segment Palisade Wall x1 |
| 18:21 | Chelowolf · wall_segment Stone Wall x14 |
| 18:48 | Ragnarok · wall_segment Palisade Wall x4 |
| 19:11 | Ragnarok · wall_segment Palisade Wall x1 |
| 19:24 | Ragnarok · wall_segment Palisade Wall x5 |
| 19:35 | CMD_El Primo · wall_segment Palisade Wall x6 |
| 20:05 | CMD_El Primo · wall_segment Palisade Wall x1 |
| 20:07 | CMD_El Primo · wall_segment Palisade Wall x1 |
| 20:14 | Ragnarok · first_market_buy 100 food |
| 20:15 | Ragnarok · first_market_sell 100 wood |
| 20:26 | Ragnarok · wall_segment Palisade Wall x11 |
| 20:28 | Ragnarok · wall_segment Palisade Wall x3 |
| 20:38 | Ragnarok · wall_segment Palisade Wall x1 |
| 20:43 | Chelowolf · age_up castle |
| 21:02 | Chelowolf · first_building Castle |
| 21:36 | CMD_El Primo · wall_segment Palisade Wall x10 |
| 21:36 | Dadagama · first_market_buy 100 food |
| 22:06 | CMD_El Primo · age_up castle |
| 22:12 | Chelowolf · first_building Siege Workshop |
| 23:03 | CMD_Joyasoft · first_market_buy 100 food |
| 23:06 | CMD_Joyasoft · first_market_sell 100 wood |
| 23:47 | Ragnarok · age_up castle |
| 23:49 | [VLLC] Javier Milei · age_up castle |
| 24:24 | CMD_El Primo · wall_segment Palisade Wall x6 |
| 24:36 | Dadagama · age_up castle |
| 24:53 | CMD_Ray · age_up castle |
| 25:01 | Dadagama · first_market_sell 500 stone |
| 26:04 | CMD_Joyasoft · age_up castle |
| 26:27 | CMD JIN · first_market_buy 100 food |
| 26:29 | CMD_Ray · first_market_sell 100 food |
| 27:14 | CMD_El Primo · first_market_sell 500 wood |
| 27:24 | Dadagama · wall_segment Palisade Wall x1 |
| 27:25 | Dadagama · wall_segment Palisade Wall x1 |
| 28:29 | CMD_El Primo · first_building Monastery |
| 29:09 | CMD JIN · age_up castle |
| 29:55 | Chelowolf · first_building Monastery |
| 31:44 | CMD_Ray · first_market_buy 100 wood |
| 32:04 | [VLLC] Javier Milei · first_building Monastery |
| 33:22 | [VLLC] Javier Milei · wall_segment Palisade Wall x1 |
| 33:37 | [VLLC] Javier Milei · first_building Castle |
| 35:18 | Ragnarok · first_building Monastery |
| 35:24 | Ragnarok · wall_segment Palisade Wall x1 |
| 35:36 | CMD_Joyasoft · first_building Siege Workshop |
| 35:52 | Ragnarok · wall_segment Palisade Wall x1 |
| 35:53 | Ragnarok · wall_segment Palisade Wall x1 |
| 36:14 | [VLLC] Javier Milei · age_up imperial |
| 36:28 | CMD JIN · first_market_sell 500 wood |
| 36:56 | CMD JIN · first_building Castle |
| 37:54 | Dadagama · wall_segment Palisade Wall x1 |
| 37:56 | Dadagama · wall_segment Palisade Wall x1 |
| 38:11 | Dadagama · wall_segment Palisade Wall x1 |
| 39:26 | Dadagama · first_building Monastery |
| 40:41 | Dadagama · wall_segment Palisade Wall x1 |
| 41:25 | Ragnarok · age_up imperial |
| 41:33 | Dadagama · wall_segment Palisade Wall x12 |
| 42:15 | CMD_Ray · first_building Castle |
| 43:07 | Ragnarok · wall_segment Stone Wall x5 |
| 43:21 | Ragnarok · wall_segment Stone Wall x3 |
| 43:22 | Ragnarok · wall_segment Stone Wall x6 |
| 43:52 | Ragnarok · wall_segment Stone Wall x1 |
| 44:02 | [VLLC] Javier Milei · first_market_buy 100 stone |
| 44:32 | Dadagama · wall_segment Palisade Wall x1 |
| 45:36 | CMD_El Primo · age_up imperial |
| 48:12 | CMD_El Primo · resign |
| 48:37 | CMD_Ray · age_up imperial |
[ AI ANALYSIS · 1 CREDIT ]
What really happened in this match?
Wolo.gg analyzes every decision: build order, eco, micro, common mistakes by bracket. Personalized analysis on WhatsApp or Discord in 30 seconds.
Civ guide
Berbers
Perfil
Jugador #1036486